 Dungeon Crawl Stone Soup version 0.29.1-13-g9f3cf754e1 (webtiles) character file.

Game seed: 12486095279481980611

972 raph the Digger (level 7, -2/39 HPs)
             Began as a Deep Elf Earth Elementalist on Jan 26, 2023.
             Killed from afar by an electric eel (11 damage)
             ... with a bolt of electricity
             ... on level 5 of the Dungeon.
             The game lasted 00:11:26 (6591 turns).

raph the Digger (Deep Elf Earth Elementalist)       Turns: 6591, Time: 00:11:27

Health: -2/39      AC:  5    Str:  5    XL:     7   Next: 94%
Magic:  16/17      EV: 18    Int: 28    God:
Gold:   260        SH:  0    Dex: 15    Spells: 5/17 levels left

rFire   . . .      SeeInvis .   g - +0 long sword (flame)
rCold   . . .      Faith    .   (no shield)
rNeg    . . .      Spirit   .   a - +0 robe
rPois   .          Reflect  .   l - +0 helmet
rElec   .          Harm     .   (no cloak)
rCorr   .          Rampage  .   (no gloves)
Will    .....                   o - +1 pair of boots
Stlth   +++.......              r - amulet of magic regeneration
HPRegen 0.13/turn               d - +4 ring of evasion
MPRegen 0.55/turn               k - +6 ring of intelligence

@: no status effects
A: no striking features
a: no special abilities


You were on level 5 of the Dungeon.
You visited 1 branch of the dungeon, and saw 5 of its levels.
You also visited: Sewer.

You collected 260 gold pieces.

Inventory:

Hand Weapons
 e - a +1 dagger
 g - a +0 long sword of flaming (weapon)
Missiles
 n - a throwing net
 t - a curare-tipped dart
Armour
 a - a +0 robe (worn)
 l - a +0 helmet (worn)
 o - a +1 pair of boots (worn)
Jewellery
 d - a +4 ring of evasion (left hand)
 k - a +6 ring of intelligence (right hand)
 r - an amulet of magic regeneration (around neck)
 v - a ring of see invisible
 x - a ring of protection from cold
 z - a ring of willpower
Scrolls
 p - a scroll of poison
 q - a scroll of immolation
 u - a scroll of butterflies
Potions
 b - 3 potions of magic
 c - 3 potions of cancellation
 f - a potion of resistance {unknown}
 h - a potion of invisibility {unknown}
 j - 2 potions of lignification {unknown}
 m - a potion of haste {unknown}
 s - a potion of mutation {unknown}
 A - a potion of brilliance {unknown}


   Skills:
 + Level 1.9 Fighting
 + Level 4.8 Dodging
 - Level 3.7 Stealth
 + Level 5.5 Spellcasting
 * Level 4.1 Conjurations
 - Level 2.0 Transmutations
 * Level 6.4 Earth Magic


You had 5 spell levels left.
You knew the following spells:

 Your Spells              Type           Power      Damage    Failure   Level
a - Sandblast             Erth           88%        2d18      1%          1
b - Passwall              Tmut/Erth      25%        N/A       1%          2
c - Stone Arrow           Conj/Erth      74%        3d11      2%          3
d - Petrify               Tmut/Erth      31%        N/A       11%         4
e - Summon Small Mammal   Summ           28%        N/A       6%          1
f - Apportation           Tloc           14%        N/A       6%          1

Your spell library contained the following spells:

 Spells                   Type           Power      Damage    Failure   Level
 Beastly Appendage        Tmut           38%        N/A       2%          1
 Wereblood                Tmut           19%        N/A       4%          2
 Freeze                   Ice            28%        1d5       6%          1
 Necrotise                Necr           28%        1d5       6%          1
 Sublimation of Blood     Necr           7%         N/A       10%         2
 Ignite Poison            Fire/Tmut/Pois 11%        N/A       14%         3
 Frozen Ramparts          Ice            14%        1d3       19%         3
 Hailstorm                Conj/Ice       19%        3d6       26%         4
 Fireball                 Conj/Fire      9%         3d6       58%         5
 Summon Hydra             Summ           3%         N/A       100%        7
 Ignition                 Fire           3%         3d4       100%        8


Dungeon Overview and Level Annotations

Branches:
Dungeon (5/15)             Temple (0/1) D:5           Sewer (visited)

Altars:
Trog
Xom

Annotations:
D:5 exclusion: door


Message History

You finish memorising.
Spell assigned to 'f'.
Casting: Stone Arrow (dangerous; 2% risk of failure)
Confirm with . or Enter, or press ? or * to list all spells.
Aiming: Apportation (safe; 6% risk of failure)
Press: ? - help, Dir - move target Apport: a scroll labelled ENGUIT DOIGU Yoink!
You pull the item towards yourself.
You hear a splash.
The electric eel shoots out a bolt of lightning at you!
The bolt of electricity hits you!
You start resting.
HP restored.
Casting: Apportation (safe; 6% risk of failure)
Confirm with . or Enter, or press ? or * to list all spells.
Aiming: Apportation (safe; 6% risk of failure)
Press: ? - help, Dir - move target, f - plant Apport: a scroll labelled ENGUIT DOIGU Yoink!
You pull the item towards yourself.
The electric eel shoots out a bolt of lightning at you!
The bolt of electricity hits the plant!
The plant begins to die.
The bolt of electricity hits you!
You start resting.
HP restored.
The electric eel shoots out a bolt of lightning at you!
The bolt of electricity hits you!
Casting: Apportation (safe; 6% risk of failure)
Confirm with . or Enter, or press ? or * to list all spells.
Aiming: Apportation (safe; 6% risk of failure)
Press: ? - help, Dir - move target, p - plant Apport: a scroll labelled ENGUIT DOIGU Yoink!
You pull the item towards yourself.
The electric eel shoots out a bolt of lightning at you!
The bolt of electricity hits you!
The electric eel shoots out a bolt of lightning at you!
The bolt of electricity hits you!
* * * LOW HITPOINT WARNING * * *
The electric eel shoots out a bolt of lightning at you!
The bolt of electricity hits the plant!
The plant begins to die.
The bolt of electricity hits you!
You die...

#.#....P.~S#.#.#..... ##
#.#'..~..S≈#~#<..#.#. #.
#..# .~..≈##~##..#.#. #.##
##~##########~##.#.#. #..#
#~~##..~.~S##~#.#.#. #.#
##~#...~~.≈≈#.#...#. #.###
#~#....~[S≈#.#)###.
#...####.#'...P.S≈#.#)..#.
###...##.@# .~([≈##'#)#...
###.###.# ######....####
###..######## #.....#
#......)....###.##.###
#.....#.>...+........#
#.....#.#.).#.....##.#
#.....#.....#.#...##.#
#.....#..............#
#.....#...........####


You could see 3 electric eels.

Vanquished Creatures
  A shadow (D:5)
  An ogre (D:5)
  A bullfrog (Sewer)
  2 scorpions (D:5)
  A necrophage (D:5)
  A hound (D:4)
  2 gnoll boudas
  2 iguanas (D:5)
  Natasha (D:3)
  Robin (D:3)
  7 adders
  9 gnolls
  4 worms
  3 dart slugs
  An orc (D:3)
  9 ball pythons
  13 endoplasms
  13 giant cockroaches
  9 hobgoblins
  10 jackals
  13 quokkas
  9 bats
  10 frilled lizards
  20 goblins
  8 kobolds
  5 rats
156 creatures vanquished.

Vanquished Creatures (others)
  5 plants (D:5)
5 creatures vanquished.

Grand Total: 161 creatures vanquished

Notes
Turn   | Place    | Note
-------+----------+-------------------------------------------
     0 | D:1      | raph the Deep Elf Earth Elementalist began the quest for
                  | the Orb.
     0 | D:1      | Reached XP level 1. HP: 10/10 MP: 6/6
   181 | D:1      | Reached XP level 2. HP: 15/15 MP: 6/8
   184 | D:1      | Learned a level 2 spell: Passwall
   368 | D:1      | You fall into a shaft and drop 1 floor!
   530 | D:2      | Reached XP level 3. HP: 19/19 MP: 7/9
   534 | D:2      | Learned a level 3 spell: Stone Arrow
   798 | D:1      | Reached skill level 4 in Earth Magic
  1547 | D:2      | Reached XP level 4. HP: 24/24 MP: 9/11
  1555 | D:2      | Learned a level 4 spell: Petrify
  1808 | D:2      | Found a faded altar of an unknown god.
  2691 | D:3      | Noticed Robin
  2776 | D:3      | Killed Robin
  2777 | D:3      | Reached XP level 5. HP: 28/28 MP: 9/12
  2993 | D:3      | Got the Octavo of Heat and Shaping
  3026 | D:3      | Noticed Natasha
  3027 | D:3      | Killed Natasha
  3529 | D:4      | Found a bloodstained altar of Trog.
  3618 | D:4      | Reached skill level 1 in Conjurations
  3620 | D:4      | Found a shimmering altar of Xom.
  3843 | D:4      | Learned a level 1 spell: Summon Small Mammal
  3872 | D:4      | Found a glowing drain.
  3889 | Sewer    | Entered a sewer
  3895 | Sewer    | Reached skill level 5 in Earth Magic
  4227 | Sewer    | Reached XP level 6. HP: 33/33 MP: 14/14
  5304 | D:4      | Reached skill level 1 in Fighting
  5573 | D:5      | Entered Level 5 of the Dungeon
  5589 | D:5      | Reached XP level 7. HP: 24/38 MP: 7/16
  5809 | D:5      | Reached skill level 5 in Spellcasting
  5837 | D:5      | Reached skill level 6 in Earth Magic
  5972 | D:5      | Found a staircase to the Ecumenical Temple.
  6140 | D:5      | Noticed a shadow
  6340 | D:5      | Killed a shadow
  6456 | D:5      | Learned a level 1 spell: Apportation
  6591 | D:5      | Killed from afar by an electric eel

Illustrated notes

Levels and vault maps discovered:
D:1:      psy_arrival_dodecagon, layout_loops_ring
D:2:      layout_rooms, hellmonk_ecumenical_altar_heavens_door, fountainhead
D:3:      layout_basic, dreamdust_princess_corridor, st_stairs_5, uniq_robin,
          uniq_natasha
D:4:      layout_cave_pods, lemuel_tele_altar, overflow_temple_1_default,
          gup_sewer_entry_pipe
D:5:      cheibrodos_two_vegetables, layout_basic, minitemple,
          minmay_temple_entry_mist, grunt_tough_drop

Skill      XL: |  1  2  3  4  5  6  7 |
---------------+----------------------+-----
Stealth        | 3 |  3.7
Earth Magic    | 4 5 6 |  6.4
Dodging        | 3 4 |  4.8
Spellcasting   | 4 5 |  5.5
Transmutations | 2 |  2.0
Conjurations   | 1 2 4 |  4.1
Fighting       | 1 |  1.9

Action                   |  1- 3 |  4- 6 |  7- 9 || total
-------------------------+-------+-------+-------++-------
Melee: Dagger            |     6 |       |       ||     6
       Punch             |     1 |       |       ||     1
       Long sword        |       |     2 |       ||     2
Throw: Dart              |       |     2 |       ||     2
 Cast: Sandblast         |    55 |   127 |     8 ||   190
       Stone Arrow       |     1 |    13 |    17 ||    31
       Petrify           |       |     3 |     3 ||     6
       Apportation       |       |       |     3 ||     3
  Use: Scroll            |     1 |     7 |     4 ||    12
 Stab: Sleeping          |     1 |       |       ||     1
Armor: Robe              |     5 |    13 |     2 ||    20
Dodge: Dodged            |    24 |    47 |    16 ||    87
